 Dungeon Crawl Stone Soup version 0.16.1-51-g6203257 (webtiles) character file.

143 uhvn the Sneak (level 5, -5/26 HPs)
             Began as a Vine Stalker Assassin on July 7, 2015.
             Slain by Sigmund
             ... wielding a +0 scythe
              (8 damage)
             ... on level 3 of the Dungeon.
             The game lasted 00:15:43 (1829 turns).

uhvn the Sneak (Vine Stalker Assassin)              Turns: 1829, Time: 00:15:43

Health: -5/26      AC:  4    Str: 12    XL:     5   Next: 25%
Magic:  0/7        EV: 12    Int: 16    God:
Gold:   84         SH:  0    Dex: 16    Spells: 0 memorised, 4 levels left

rFire  + . .     SeeInvis .     q - +0 dagger (speed)
rCold  + + .     Clarity  .     o - +0 robe {rC+}
rNeg   . . .     SustAb   .     (no shield)
rPois  +         Gourm    .     l - +0 helmet
rElec  +         Spirit   +     d - +0 cloak
rCorr  +         Warding  .     (no gloves)
rMut   .         Stasis   .     (no boots)
MR     .....                    (no amulet)
Stlth  +++++.....               i - -2 ring of strength (curse)
                                h - ring of stealth

@: brilliant, resistant, not resistant to hostile enchantments, quite stealthy
A: fangs 2, regeneration 1, magic shield, antimagic bite, no device heal 3, rot
immunity
a: no special abilities


You were on level 3 of the Dungeon.
You were not hungry.

You visited 1 branch of the dungeon, and saw 3 of its levels.

You collected 84 gold pieces.

Inventory:

Hand weapons
 a - a +2 dagger
 b - a +0 blowgun
 m - a +0 dagger
 q - a +0 dagger of speed (weapon)
Missiles
 e - 34 poisoned needles (quivered)
 f - 2 curare-tipped needles
Armour
 c - a +0 robe
 d - a +0 cloak (worn)
 k - a +0 animal skin
 l - a +0 helmet (worn)
 o - a +0 robe of cold resistance (worn)
Jewellery
 h - a ring of stealth (left hand)
 i - a cursed -2 ring of strength (right hand)
Magical devices
 n - a wand of random effects (42)
Scrolls
 j - a scroll of teleportation {unknown}
 p - 8 scrolls of identify {unknown}
Comestibles
 g - 2 bread rations
 t - a beef jerky
 u - a chunk of flesh


   Skills:
 + Level 2.1 Fighting
 + Level 2.2 Short Blades
 - Level 1.9 Throwing
 + Level 1.8 Dodging
 * Level 6.9 Stealth


You had 4 spell levels left.
You didn't know any spells.

Dungeon Overview and Level Annotations

Branches:
Dungeon (3/15)

Altars:
Zin

Shops:
D:3 *

Annotations:
D:3 Sigmund


Innate Abilities, Weirdness & Mutations

You have extremely sharp teeth.
Your natural rate of healing is unusually fast.
When hurt, damage is shared between your health and your magic reserves.
Your bite disrupts and absorbs the magic of your enemies.
Potions and wands cannot restore your health.
You are immune to rotting.


Message History

The magic dart hits you!
An ooze comes into view.
Something hits you.
You hit something. You bite something. You drain its magic.
You feel invigorated. Something hits you!
* * * LOW HITPOINT WARNING * * *
Unknown command.
You spend a moment contemplating the meaning of life.
Drink which item? (? for menu, Esc to quit)
You can't drink that!
Read which item? (? for menu, Esc to quit)
Okay, then.
Drink which item? (? for menu, Esc to quit)
It was a potion of resistance.
You feel protected.
Drink which item? (? for menu, Esc to quit)
It was a potion of brilliance.
You feel clever all of a sudden. Something hits you!
You die...

#### ..# #.#
...##########.###
..........@.....#
J#.##########.#.#
#.#.# #.#.# #.#†#
###)#.#######
#...#.......##
#.#.#.#####..#
#............#


There were no monsters in sight!

Vanquished Creatures
  Jessica (D:2)
  Robin (D:2)
  4 adders
  A giant mite (D:2)
  2 giant geckos (D:3)
  6 bats
  3 giant cockroaches
  15 goblins
  7 hobgoblins
  11 jackals
  A ball python (D:3)
  4 giant newts
  5 kobolds
  6 rats
67 creatures vanquished.

Notes
Turn   | Place    | Note
--------------------------------------------------------------
     0 | D:1      | uhvn, the Vine Stalker Assassin, began the quest for the Orb.
     0 | D:1      | Reached XP level 1. HP: 11/11 MP: 1/1
    51 | D:1      | Reached skill level 5 in Stealth
    98 | D:1      | Reached XP level 2. HP: 1/15 MP: 0/3
   371 | D:2      | Noticed Robin
   406 | D:2      | Reached skill level 1 in Dodging
   420 | D:2      | Reached XP level 3. HP: 8/18 MP: 1/4
   439 | D:2      | Killed Robin
   439 | D:2      | Reached skill level 6 in Stealth
   628 | D:2      | Noticed Jessica
   719 | D:2      | Killed Jessica
   719 | D:2      | Reached XP level 4. HP: 11/23 MP: 5/5
  1227 | D:3      | Reached XP level 5. HP: 13/26 MP: 7/7
  1501 | D:3      | Found Zin's Purification Station.
  1504 | D:3      | Found a glowing silver altar of Zin.
  1761 | D:3      | Noticed Sigmund
  1829 | D:3      | Slain by Sigmund

Action                   |  1- 3 |  4- 6 || total
-------------------------+-------+-------++-------
Melee: Dagger            |   123 |   116 ||   239
 Fire: Blowgun           |       |     4 ||     4
  Use: Potion            |     1 |     2 ||     3
 Stab: Sleeping          |     3 |     9 ||    12
  Eat: Chunk             |       |     3 ||     3
